 Dungeon Sprint DCSS version 0.22-a0-398-g8bb545f (webtiles) character file.

2272 stankywizzleteets the Basher (level 8, -7/75 HPs)
             Began as a Demigod Fighter on May 5, 2018.
             Mangled by a black mamba (8 damage)
             ... in the Dungeon (Sprint IX: "|||||||||||||||||||||||||||||").
             The game lasted 00:04:53 (1041 turns).

stankywizzleteets the Basher (Demigod Fighter)      Turns: 1041, Time: 00:04:53

Health: -7/75      AC: 10    Str: 23    XL:     8   Next: 95%
Magic:  10/10      EV: 10    Int: 12    God:
Gold:   19         SH: 11    Dex: 15    Spells: 7/7 levels left

rFire    . . .     SeeInvis .   x - +4 morningstar (crush)
rCold    . . .     Gourm    .   c - +0 shield
rNeg     . . .     Faith    .   s - +1 scale mail
rPois    .         Spirit   .   r - +0 helmet
rElec    .         Reflect  .   (no cloak)
rCorr    .         Harm     .   (no gloves)
MR       .....     NoTele   +   (no boots)
Stlth    +.........             (no amulet)
HPRegen  0.22/turn              (no ring)
MPRegen  0.12/turn              (no ring)

@: no status effects
A: high mp 1
a: no special abilities


You were in the Dungeon.
You were not hungry.

You visited 1 branch You collected 19 gold pieces.

Inventory:

Hand Weapons
 a - a +0 war axe
 p - a +3 war axe of chopping
 v - a +2 halberd of venom
 w - a +0 lajatang
 x - a +4 morningstar of crushing (weapon)
 y - a +2 rapier of electrocution
 z - the +2 scimitar of Nightmares {freeze, -Tele rElec rC++ MR+}
   (You found it in the Dungeon)

   It has been specially enchanted to freeze those struck by it, causing extra
   injury to most foes and up to half again as much damage against particularly
   susceptible opponents.
   It can also slow down cold-blooded creatures.
   It greatly protects you from cold.
   It insulates you from electricity.
   It affects your resistance to hostile enchantments.
   It prevents most forms of teleportation.
Armour
 b - a +0 scale mail
 c - a +0 shield (worn)
 q - a +0 cloak
 r - a +0 helmet (worn)
 s - a +1 scale mail (worn)
Jewellery
 t - a +3 ring of strength
 u - a +3 ring of intelligence
Wands
 o - a wand of acid (10)
Scrolls
 k - 2 scrolls of blinking
 m - 5 scrolls of remove curse
 n - 2 scrolls of amnesia
 D - 2 scrolls of fear
Potions
 d - a potion of might
 e - 5 potions of curing
 g - 4 potions of heal wounds
 h - a potion of haste
 i - 4 potions of magic
 j - a potion of berserk rage
 l - a potion of invisibility
 A - 2 potions of agility
 B - a potion of mutation


   Skills:
 + Level 8.5 Fighting
 + Level 6.5(9.9) Axes
 + Level 11.5(12.1) Maces & Flails
 + Level 8.9 Armour
 + Level 3.6 Dodging
 + Level 1.6 Stealth
 + Level 7.2 Shields


You had 7 spell levels left.
You didn't know any spells.

Dungeon Overview and Level Annotations

Branches:
Dungeon (1/1)


Innate Abilities, Weirdness & Mutations

You have an increased reservoir of magic. (+10% MP)


Message History

The porcupine twitches its whiskers.
The wyvern bites you!
* * * LOW HITPOINT WARNING * * *
You hit the wyvern but do no damage.
The wyvern is almost dead.
You block the wyvern's attack.
You completely miss the wyvern.
The wyvern is almost dead.
The wyvern bites you.
* * * LOW HITPOINT WARNING * * *
You barely miss the wyvern.
The wyvern is almost dead.
The wyvern bites you!
* * * LOW HITPOINT WARNING * * *
The wyvern bites you.
* * * LOW HITPOINT WARNING * * *
You hit the wyvern.
You kill the wyvern!
The black mamba bites you!
You die...

▓▓▓▓▓▓▓▓▓▓▓▓▓▓▓▓▓▓▓▓▓▓▓▓▓▓▓▓▓▓▓▓▓
_____________________'.....'.....
▓▓▓▓▓▓▓▓▓▓▓▓▓▓▓▓▓▓▓▓▓▓▓▓▓▓▓▓▓▓▓▓▓
.................................
▓▓▓▓▓▓▓▓▓▓▓▓▓▓▓▓▓▓▓▓▓▓▓▓▓▓▓▓▓▓▓▓▓
...Hr.S@......(......'..
▓▓▓▓▓▓▓▓▓▓▓▓▓▓▓▓▓▓▓▓▓▓▓▓


You could see a hippogriff, a black mamba and a porcupine.

Vanquished Creatures
  A two-headed ogre (D)
  A deep elf mage (D)
  A wyvern (D)
  2 porcupines (D)
  2 black bears (D)
  2 ice beasts (D)
  An ogre (D)
  3 bullfrogs (D)
  A scorpion (D)
  A wight (D)
  A howler monkey (D)
  A jelly (D)
  A worker ant (D)
  An adder (D)
  A shadow imp (D)
  2 worms (D)
  A leopard gecko (D)
  A bat (D)
  A giant cockroach (D)
  A goblin (D)
  A hobgoblin (D)
  A quokka zombie (D)
28 creatures vanquished.

Notes
Turn   | Place    | Note
-------+----------+-------------------------------------------
     0 | D        | stankywizzleteets the Demigod Fighter began the quest for the Orb.
     0 | D        | Reached XP level 1. HP: 18/18 MP: 3/3
    26 | D        | Noticed a worker ant
    33 | D        | Reached XP level 2. HP: 18/26 MP: 4/4
    40 | D        | Reached XP level 3. HP: 10/33 MP: 5/5
   259 | D        | Found a roughly hewn altar of Beogh.
   259 | D        | Found a snail-covered altar of Cheibriados.
   259 | D        | Found a shadowy altar of Dithmenos.
   259 | D        | Found a white marble altar of Elyvilon.
   259 | D        | Found a blossoming altar of Fedhas.
   259 | D        | Found an opulent altar of Gozag.
   260 | D        | Found a hazy altar of Hepliaklqana.
   261 | D        | Found a viscous altar of Jiyva.
   262 | D        | Found an ancient bone altar of Kikubaaqudgha.
   263 | D        | Found a corrupted altar of Lugonu.
   264 | D        | Found a burning altar of Makhleb.
   265 | D        | Found a sparkling altar of Nemelex Xobeh.
   266 | D        | Found an iron altar of Okawaru.
   267 | D        | Found a stormy altar of Qazlal.
   268 | D        | Found a sacrificial altar of Ru.
   269 | D        | Found a deep blue altar of Sif Muna.
   270 | D        | Found a bloodstained altar of Trog.
   271 | D        | Found a hide-covered altar of Uskayaw.
   272 | D        | Found a radiant altar of Vehumet.
   273 | D        | Found an ornate altar of the Wu Jian Council.
   274 | D        | Found a shimmering altar of Xom.
   275 | D        | Found a basalt altar of Yredelemnul.
   276 | D        | Found a glowing silver altar of Zin.
   277 | D        | Found a glowing golden altar of the Shining One.
   329 | D        | Got the +2 scimitar of Nightmares {freeze, -Tele rElec rC++ MR+}
   336 | D        | Noticed a black bear
   336 | D        | Noticed a scorpion
   336 | D        | Noticed an ice beast
   344 | D        | Reached skill level 5 in Armour
   344 | D        | Reached XP level 4. HP: 20/41 MP: 6/6
   349 | D        | Reached skill level 1 in Maces & Flails
   353 | D        | Killed an ice beast
   353 | D        | Reached skill level 5 in Fighting
   353 | D        | Reached skill level 5 in Axes
   353 | D        | Reached skill level 3 in Maces & Flails
   353 | D        | Reached skill level 1 in Dodging
   353 | D        | Reached skill level 5 in Shields
   353 | D        | Reached XP level 5. HP: 19/48 MP: 7/7
   357 | D        | Reached skill level 4 in Maces & Flails
   360 | D        | Killed a black bear
   360 | D        | Reached skill level 5 in Maces & Flails
   360 | D        | Reached XP level 6. HP: 6/57 MP: 8/8
   613 | D        | Noticed a deep elf mage
   613 | D        | Noticed a two-headed ogre
   617 | D        | Reached skill level 1 in Stealth
   624 | D        | Killed a two-headed ogre
   624 | D        | Reached skill level 9 in Maces & Flails
   624 | D        | Reached XP level 7. HP: 16/66 MP: 9/9
   635 | D        | Reached XP level 8. HP: 43/74 MP: 10/10
   646 | D        | Killed a deep elf mage
   646 | D        | Reached skill level 10 in Maces & Flails
  1021 | D        | Noticed a black mamba
  1021 | D        | Reached skill level 11 in Maces & Flails
  1029 | D        | Noticed a hippogriff
  1040 | D        | HP: 1/75 [wyvern (6)]
  1041 | D        | Mangled by a black mamba

Vault maps used:
D:        linesprint

Skill      XL: |  1  2  3  4  5  6  7  8 |
---------------+-------------------------+-----
Fighting       | 3 4 5 6 7 8 |  8.5
Armour         | 3 4 5 6 7 8 |  8.9
Shields        | 3 4 5 6 7 |  7.2
Axes           | 2 3 5 6 |  6.5
Maces & Flails | 3 5 9 11 | 11.5
Dodging        | 1 2 3 |  3.6
Stealth        | 1 |  1.6

Action                   |  1- 3 |  4- 6 |  7- 9 || total
-------------------------+-------+-------+-------++-------
Melee: War axe           |    34 |       |       ||    34
       Morningstar       |     8 |    27 |    42 ||    77
  Use: Potion            |       |     1 |     1 ||     2
       Scroll            |       |       |     2 ||     2
  Eat: Ration            |       |       |     1 ||     1
Armor: Scale mail        |    11 |    14 |     6 ||    31
Dodge: Dodged            |    12 |     8 |    10 ||    30
Block: Shield            |    18 |    12 |    16 ||    46

Table legend:
 A = Spawn XP
 B = Non-spawn XP
 C = Spawn XP percentage of total XP
 D = Spawn monster count
 E = Non-spawn monster count
 F = Spawn count percentage of total count
 G = Total turns spent on level
                    A         B        C        D         E        F      G
               +---------+---------+-------+---------+---------+-------+---------
         Total |       0 |    3247 |   0.0 |       0 |      28 |   0.0 |  1041
               +---------+---------+-------+---------+---------+-------+---------
             D |       0 |    3247 |   0.0 |       0 |      28 |   0.0 |  1041
               +---------+---------+-------+---------+---------+-------+---------
